 Dungeon Crawl Stone Soup version 0.31.0-12-g77e489cdc1 (webtiles) character file.

Game seed: 10869579033636981614

106 spaghetti the Grappler (level 4, 0/42 HPs)
             Began as a Naga Chaos Knight on Feb 26, 2024.
             Was a Plaything of Xom.
             Slain by an iguana (10 damage)
             ... on level 6 of the Dungeon.
             The game lasted 00:02:19 (1819 turns).

spaghetti the Grappler (Naga Chaos Knight)          Turns: 1819, Time: 00:02:19

Health: 0/42       AC:  7    Str: 14 (17) XL:     4   Next: 84%
Magic:  4/4        EV:  9    Int: 10 (12) God:    Xom [....*.]
Gold:   123        SH:  0    Dex:  9 (10) Spells: 3/3 levels left

rFire   + +          .
                       - Unarmed
rCold   + . .        (no shield)
rNeg    . . .        d - +2 leather armour {rF+}
rPois   +            f - +0 helmet
rElec   +            i - +0 cloak
rCorr   +            (no gloves)
SInv    +            (no barding)
Will    .....        (no amulet)
Stlth   +            (no ring)
HPRegen 0.27/turn    (no ring)
MPRegen 0.09/turn

%: no passive effects
@: short of breath, resistant, cleaving, very slow
A: AC +1, large, see invisible, deformed body, poison resistance, slowness 2,
spit poison 1, naga tail 1
a: Spit Poison, Renounce Religion


You were on level 6 of the Dungeon.
You worshipped Xom.
You were a beloved toy of Xom.
You visited 1 branch of the dungeon, and saw 4 of its levels.

You collected 123 gold pieces.

Inventory:

Armour
 a - a +2 leather armour
 d - a +2 leather armour of fire resistance (worn)
 f - a +0 helmet (worn)
 i - a +0 cloak (worn)
Scrolls
 c - a scroll of noise
 h - a scroll of identify
Potions
 j - a potion of cancellation


   Skills:
 + Level 3.2 Fighting
 + Level 2.0 Armour
 + Level 1.2 Dodging
 + Level 8.1 Unarmed Combat


You had 3 spell levels left.
You didn't know any spells.
Your spell library contained the following spells:

 Spells                   Type           Power      Damage    Failure   Level
 Apportation              Tloc           0%         N/A       43%         1
 Necrotise                Necr           0%         1d4       43%         1
 Sting                    Conj/Alch      0%         1d3       43%         1
 Summon Small Mammal      Summ           0%         N/A       43%         1


Dungeon Overview and Level Annotations

Branches:
Dungeon (3/15)             Temple (0/1) D:6

Altars:

Shops:
D:3 :


Innate Abilities, Weirdness & Mutations

Your serpentine skin is tough. (AC +1)
You have supernaturally acute eyesight. (SInv)
Armour fits poorly on your strangely shaped body.
Your system is resistant to poisons. (rPois)
You cover ground very slowly.
You can spit poison.
You have a snake-like lower body.


Message History

The adder attacks as it pursues you! The adder barely misses you. x2
The adder attacks as it pursues you! The adder bites you but does no damage.
The adder bites you.
An iguana comes into view.
Found a staircase to the Ecumenical Temple.
The iguana hisses angrily.
You hear a bark!
A hound comes into view.
The adder bites you but does no damage. The adder attacks as it pursues you!
The adder barely misses you. The iguana bites you!
The adder bites you but does no damage.
Okay, then.
As you read the scroll of butterflies, it crumbles to dust.
You hear the flapping of tiny wings.
The orc wizard is knocked back by the sudden gust.
The hound is knocked back by the sudden gust.
The iguana is knocked back by the sudden gust.
The adder is knocked back by the sudden gust.
Something hits your butterfly.
Your butterfly dies!
Your butterfly disappears in a burst of colours!
The adder closely misses you. The iguana misses your butterfly.
Unknown command.
Unknown command.
Unknown command.
You swap places.
The adder closely misses your butterfly.
The iguana completely misses your butterfly.
The adder misses your butterfly.
You swap places.
The adder misses your butterfly. The iguana bites you!
The adder completely misses your butterfly.
The iguana bites you!
* * * LOW HITPOINT WARNING * * *
Aiming: Spit Poison (1% risk of failure)
Press: ? - help, Shift-Dir - straight line, f - iguana
Aim: an iguana (ally target, 65% to hit)
The splash of poison hits the iguana but does no damage.
The adder closely misses your butterfly.
The iguana bites you!
You die...
Xom cackles wildly!

#.## #.o#
**###########o#
*~≈≈≈≈≈≈≈≈≈≈#O#
*~≈≈≈≈≈≈≈≈≈≈#.#
*~≈≈≈≈≈≈≈≈≈≈#o#
*~≈≈#####≈≈≈#.#
*~≈≈#...#####o#
*~≈≈#.>hl@bbSo#
*~≈≈#...#######
*~≈≈#####≈≈≈#
*~≈≈≈≈≈≈≈≈≈≈#
*~≈≈≈≈≈≈≈≈≈≈#
*~≈≈≈≈≈≈≈≈≈≈#
**###########


You could see an iguana (ally target), a hound, an orc wizard (invisible), an
adder and an orc.

Vanquished Creatures
  A gnoll (D:1)
  4 adders (D:2)
  A dart slug (D:1)
  A ribbon worm (D:3)
  An orc (D:3)
  6 ball pythons
  5 endoplasms
  3 goblins (D:2)
  3 hobgoblins
  2 jackals (D:1)
  A quokka (D:2)
  5 bats
  3 frilled lizards (D:1)
  6 rats (D:1)
42 creatures vanquished.

Notes
Turn   | Place    | Note
-------+----------+-------------------------------------------
     0 | D:1      | spaghetti the Naga Chaos Knight began the quest for the
                  | Orb.
     0 | D:1      | Reached XP level 1. HP: 21/21 MP: 1/1
    14 | D:1      | XOM: divination: magic mapping
   135 | D:1      | XOM: potion effect (experience)
   135 | D:1      | Reached skill level 8 in Unarmed Combat
   135 | D:1      | Reached XP level 2. HP: 28/28 MP: 2/2
   205 | D:1      | Reached skill level 1 in Dodging
   205 | D:1      | Reached XP level 3. HP: 32/34 MP: 3/3
   563 | D:1      | XOM: smoke on damage
   836 | D:2      | Reached XP level 4. HP: 34/42 MP: 4/4
   972 | D:2      | XOM is BORED!
   972 | D:2      | XOM: 4-stop teleportation journey
  1546 | D:2      | XOM: blink monster(s)
  1643 | D:3      | XOM: cloud trail
  1781 | D:3      | Found Tuyfump's Book Shop.
  1790 | D:3      | You fall into a shaft and drop 3 floors!
  1792 | D:6      | Noticed an ogre
  1809 | D:6      | XOM: cleaving
  1813 | D:6      | Found a staircase to the Ecumenical Temple.
  1819 | D:6      | Slain by an iguana

Illustrated notes

Levels and vault maps discovered:
D:1:      minmay_arrival_up_and_down, layout_basic, minmay_crystal_water,
          nrook_mini_vaults, minivault_4
D:2:      layout_basic, minmay_misc_feat_diagonals, minmay_tetromino_o2
D:3:      layout_rooms, mainiacjoe_overflow_catwalk_spiral, serial_shops, shop,
          dreamdust_ecumenical_altar_angels_and_demons
D:6:      layout_basic, minmay_temple_entry_poolview,
          amcnicky_mini_corridor_feature

Skill      XL: |  1  2  3  4 |
---------------+-------------+-----
Unarmed Combat | 8 |  8.1
Dodging        | 1 |  1.2
Armour         | 2 |  2.0
Fighting       | |  3.2

Action                     |  1- 3 |  4- 6 || total
---------------------------+-------+-------++-------
  Melee: Unarmed           |    50 |    47 ||    97
Ability: Spit Poison       |    19 |    11 ||    30
    Use: Scroll            |       |     5 ||     5
         Potion            |       |     5 ||     5
 Armour: Leather armour    |    32 |    41 ||    73
  Dodge: Dodged            |    17 |    24 ||    41
